 Dungeon Crawl Stone Soup version 0.22-a0-283-g1871b15 (webtiles) character file.

116 Amnesiac the Conjurer (level 5, -3/28 HPs)
             Began as a Tengu Air Elementalist on Mar 20, 2018.
             Slain by Crazy Yiuf
             ... wielding a +3 quarterstaff of chaos
              (19 damage)
             ... on level 2 of the Dungeon.
             The game lasted 00:01:26 (1688 turns).

Amnesiac the Conjurer (Tengu Air Elementalist)      Turns: 1688, Time: 00:01:27

Health: -3/28      AC:  2    Str:  8    XL:     5   Next: 1%
Magic:  8/9        EV: 12    Int: 17    God:
Gold:   127        SH:  0    Dex: 14    Spells: 3/8 levels left

rFire    . . .     SeeInvis .   (no weapon)
rCold    . . .     Gourm    .   (no shield)
rNeg     . . .     Faith    .   a - +0 robe
rPois    .         Spirit   .   (helmet restricted)
rElec    .         Reflect  .   (no cloak)
rCorr    .         Harm     .   (no gloves)
MR       .....                  (boots unavailable)
Stlth    ++........             (no amulet)
HPRegen  0.09/turn              (no ring)
MPRegen  0.11/turn              (no ring)

@: no status effects
A: beak, talons 3, able to fly 1
a: Fly


You were on level 2 of the Dungeon.
You were not hungry.

You visited 1 branch of the dungeon, and saw 2 of its levels.

You collected 127 gold pieces.

Inventory:

Armour
 a - a +0 robe (worn)
Scrolls
 d - a scroll of amnesia {!r, unknown}
 e - a scroll of identify {!r, unknown}
 f - a scroll of immolation {!r, unknown}
 g - 2 scrolls of remove curse {!r, unknown}
 h - 3 scrolls of teleportation {!r, unknown}
 i - 2 scrolls of enchant weapon {!r, unknown}
 k - 3 scrolls of random uselessness {!r, unknown}
 m - a scroll of enchant armour {!r, unknown}
Potions
 j - a potion of magic {!q, unknown}
 l - a potion of haste {!q, unknown}
 n - a potion of flight {!q, unknown}
Comestibles
 b - 2 chunks of flesh
 c - 3 rations


   Skills:
 - Level 2.1 Dodging
 - Level 2.0 Stealth
 + Level 2.3 Spellcasting
 * Level 5.0 Conjurations
 * Level 5.0 Air Magic


You had 3 spell levels left.
You knew the following spells:

 Your Spells              Type           Power        Failure   Level  Hunger
a - Shock                 Conj/Air       ###.         2%          1    #......
b - Airstrike             Air            ###.......   24%         4    #####..


Dungeon Overview and Level Annotations

Branches:
Dungeon (2/15)

Altars:
The Shining One

Annotations:
D:2 Crazy Yiuf


Innate Abilities, Weirdness & Mutations

You have a beak for a mouth.
You have claws for feet.
You can fly.


Message History

Confirm with . or Enter, or press ? or * to list all spells.
Aiming: Shock (safe; 2% risk of failure)
Press: ? - help, Shift-Dir - straight line The zap hits Terence.
Terence is almost dead.
The zap hits Terence.
You kill Terence!
Your Conjurations skill increases to level 5!
Your Air Magic skill increases to level 5!
You have reached level 5!
You have gained the ability to fly.
Things that are here:
a short sword; a chain mail; the human corpse of Terence You butcher the human corpse of Terence.
b - 2 chunks of flesh
Things that are here:
a short sword; a chain mail
Things that are here:
a short sword; a chain mail HP restored.
There is an open door here.
You see here a robe.
Key pressed, stopping explore.
Casting: Shock (safe; 2% risk of failure)
Confirm with . or Enter, or press ? or * to list all spells.
You can't see any susceptible monsters within range! (Use Z to cast anyway.)
Found a great mace.
Casting: Shock (safe; 2% risk of failure)
Confirm with . or Enter, or press ? or * to list all spells.
You can't see any susceptible monsters within range! (Use Z to cast anyway.)
You see here a great mace.
There is a stone staircase leading up here.
You see here 13 sling bullets.
You see here a mace.
Key pressed, stopping explore.
Casting: Shock (safe; 2% risk of failure)
Confirm with . or Enter, or press ? or * to list all spells.
You can't see any susceptible monsters within range! (Use Z to cast anyway.)
You see here a mace.
You see here a mace.
You see here a mace.
You see here a mace.
You see here a mace.
Partly explored, unopened runed door.
Partly explored, unopened runed door.
You open the door.
Crazy Yiuf the Enlightened comes into view.
He is wielding a quarterstaff of chaos.
Crazy Yiuf shouts!
Crazy Yiuf says, "I'm not crazy!"
Found seven maces and a glowing mace.
There is an open door here.
Casting: Shock (safe; 2% risk of failure)
Confirm with . or Enter, or press ? or * to list all spells.
Aiming: Shock (safe; 2% risk of failure)
Press: ? - help, Shift-Dir - straight line The zap hits Crazy Yiuf.
Crazy Yiuf is moderately wounded.
The zap hits Crazy Yiuf.
Crazy Yiuf is heavily wounded.
Crazy Yiuf says, "Snower!
Tosser foot sing."
Crazy Yiuf hits you with a quarterstaff of chaos!
You are electrocuted!
Ouch! That really hurt!
You die...

#.##.#....)........##....###....
#.##.########.#.#..#.......##...
#.##.#### #########..###..##..
##.##....### #..# ##..#'.
...........# ##### #..# ##..##
...###.(.#.# #).)# #..# ##..#
###........# #)))# #..#######..
...........# #)g)# #[..........
##.........# #@# #..#######..
...#.#.....# ♣)♣♣ #### #..
#..#.......# ♣♣)♣ ##.
...........# ♣)♣♣ ##
...####....# ♣♣)♣ ..########.#
♣♣)♣♣ ...........# ♣♣.P)♣
##########.# ♣PP..♣ # #(# #....#


You could see Crazy Yiuf.

Vanquished Creatures
  Terence (D:2)
  Jessica (D:2)
  3 adders (D:2)
  A worm (D:2)
  2 dart slugs (D:1)
  4 bats (D:2)
  A giant cockroach (D:1)
  3 goblins (D:1)
  4 hobgoblins
  2 kobolds
  2 quokkas (D:2)
  5 frilled lizards (D:1)
  7 rats
36 creatures vanquished.

Notes
Turn   | Place    | Note
-------+----------+-------------------------------------------
     0 | D:1      | Amnesiac the Tengu Air Elementalist began the quest for the Orb.
     0 | D:1      | Reached XP level 1. HP: 10/10 MP: 4/4
   161 | D:1      | Reached XP level 2. HP: 15/15 MP: 0/6
   863 | D:2      | Reached XP level 3. HP: 19/19 MP: 1/7
  1022 | D:2      | Found a glowing golden altar of the Shining One.
  1022 | D:2      | Noticed Terence
  1229 | D:2      | Noticed Jessica
  1233 | D:2      | Killed Jessica
  1233 | D:2      | Reached XP level 4. HP: 24/24 MP: 6/8
  1242 | D:2      | Learned a level 4 spell: Airstrike
  1322 | D:2      | Found a runed door.
  1592 | D:2      | Killed Terence
  1592 | D:2      | Reached skill level 5 in Conjurations
  1592 | D:2      | Reached skill level 5 in Air Magic
  1592 | D:2      | Gained mutation: You can fly. [Tengu growth]
  1592 | D:2      | Reached XP level 5. HP: 27/28 MP: 4/9
  1686 | D:2      | Noticed Crazy Yiuf
  1688 | D:2      | Slain by Crazy Yiuf

Vault maps used:
D:1:      sevenhm_arrival_forest_fort_small_3
D:2:      tso_metal_star, uniq_terence, uniq_jessica, uniq_crazy_yiuf_cottage

Skill      XL: |  1  2  3  4 |
---------------+-------------+-----
Conjurations   | 2 3 4 5 |  5.0
Air Magic      | 5 |  5.0
Dodging        | |  2.1
Stealth        | |  2.0
Spellcasting   | |  2.3

Action                   |  1- 3 |  4- 6 || total
-------------------------+-------+-------++-------
Melee: Unarmed           |     7 |       ||     7
       Peck              |     4 |       ||     4
       Kick              |     3 |       ||     3
 Cast: Shock             |    46 |    20 ||    66
  Eat: Chunk             |     2 |     1 ||     3
Armor: Robe              |     2 |     1 ||     3
Dodge: Dodged            |    15 |     1 ||    16

Table legend:
 A = Spawn XP
 B = Non-spawn XP
 C = Spawn XP percentage of total XP
 D = Spawn monster count
 E = Non-spawn monster count
 F = Spawn count percentage of total count
 G = Total turns spent on level
                    A         B        C        D         E        F      G
               +---------+---------+-------+---------+---------+-------+---------
         Total |       0 |     167 |   0.0 |       0 |      36 |   0.0 |  1688
               +---------+---------+-------+---------+---------+-------+---------
           D:1 |       0 |      31 |   0.0 |       0 |      18 |   0.0 |   849
           D:2 |       0 |     136 |   0.0 |       0 |      18 |   0.0 |   839
               +---------+---------+-------+---------+---------+-------+---------
